 Dungeon Crawl Stone Soup version 0.31.0-9-g3a7656b989 (webtiles) character file.

Game seed: 34195263959927756

28 qw the Shooter (level 2, -7/16 HPs)
             Began as a Deep Elf Hunter on Feb 2, 2024.
             Mangled by Sigmund
             ... wielding a +0 heavy scythe
              (11 damage)
             ... on level 2 of the Dungeon.
             The game lasted 00:00:01 (557 turns).

qw the Shooter (Deep Elf Hunter)                     Turns: 557, Time: 00:00:02

Health: -7/16      AC:  5    Str:  6 (8)  XL:     2   Next: 96%
Magic:  4/4        EV: 10    Int: 10 (13) God:
Gold:   44         SH:  0    Dex: 16 (18) Spells: 1/1 levels left

rFire   . . .        a - +1 shortbow
rCold   . . .        (shield currently unavailable)
rNeg    . . .        f - +0 ring mail
rPois   .            (no helmet)
rElec   .            (no cloak)
rCorr   .            (no gloves)
SInv    .            (no boots)
Will    .....        (no amulet) Stlth
                     (no ring)
HPRegen 0.22/turn    (no ring)
MPRegen 0.09/turn

%: no passive effects
@: confused, attractive, hasted, very quick
A: no striking features
a: no special abilities


You were on level 2 of the Dungeon.
You visited 1 branch of the dungeon, and saw 2 of its levels.

You collected 44 gold pieces.


   Skills:
 - Level 1.5 Fighting
 + Level 6.6 Ranged Weapons
 - Level 2.4 Dodging
 - Level 1.2 Stealth


You had one spell level left.
You didn't know any spells.
Your spell library was empty.

Inventory:

Hand Weapons
 a - a +1 shortbow (weapon)
Armour
 f - a +0 ring mail (worn)

Dungeon Overview and Level Annotations

Branches:
Dungeon (2/15)

Altars:

Shops:
D:1 !

Annotations:
D:2 Sigmund


Message History

There is an open door here.
There is a stone staircase leading down here.
You climb downwards.
There is a stone staircase leading up here.
Waypoint 1 assigned to D:2.
There is a stone staircase leading up here.
A quokka comes into view.
You shoot an arrow. The arrow completely misses the quokka.
You shoot an arrow. The arrow misses the quokka.
You shoot an arrow. The arrow hits the quokka!
You kill the quokka!
You see here a quokka corpse.
Sigmund the Dreaded comes into view.
He is wielding a +0 heavy scythe.
Sigmund shouts!
Sigmund gestures at you while chanting.
You are confused.
552 ||| DRINKING silvery potion.
It was a potion of degeneration.
There was something very wrong with that liquid.
You feel weakened.
You feel dopey.
You feel clumsy.
553 ||| DRINKING fuming white potion.
It was a potion of haste.
You feel yourself speed up.
Sigmund screams, "Die, monster!"
554 ||| DRINKING blue potion.
It was a potion of attraction.
You feel attractive to monsters.
Sigmund gestures wildly while chanting.
Sigmund flickers and vanishes!
Deactivating autopickup; reactivate with Ctrl-A.
Something is attracted toward you.
You shoot an arrow.
You hear some strange, mumbled words.
A puff of flame appears from out of thin air!
The puff of flame hits you!
Ouch! That really hurt!
You shoot an arrow.
You hear some strange, mumbled words.
Something tries to affect you, but you resist.
You shoot an arrow. Something hits you!
Ouch! That really hurt!
You die...

........ ..#....
....#.# #. .
#.#.#..#..#.
#.#..##.#...
#.#..##.##.#
#####{#..##.##.#
#.....@%.##.##.#
...###.##.##.##.#
####.##.##.##.#
...........<..#
.##########.###
###.### #.....#
#.....# #.....#


There were no monsters in sight!

Vanquished Creatures
  A dart slug (D:1)
  4 ball pythons (D:1)
  2 bats (D:1)
  2 endoplasms (D:1)
  4 goblins (D:1)
  4 hobgoblins (D:1)
  2 quokkas
  3 rats (D:1)
22 creatures vanquished.

Notes
Turn   | Place    | Note
-------+----------+-------------------------------------------
     0 | D:1      | qw the Deep Elf Hunter began the quest for the Orb.
     0 | D:1      | Reached XP level 1. HP: 12/12 MP: 3/3
     0 | D:1      | 0 ||| qw: Version: 0.3-a-155-g5e7d8dd
     0 | D:1      | 0 ||| qw: Game counter: 2227
     0 | D:1      | 0 ||| qw: Melee chars always use a shield: true
     0 | D:1      | 0 ||| qw: God list: Okawaru
     0 | D:1      | 0 ||| qw: Allow faded altars: false
     0 | D:1      | 0 ||| qw: Do Orc after clearing Dungeon:15 true
     0 | D:1      | 0 ||| qw: Do second Lair branch before Depths: true
     0 | D:1      | 0 ||| qw: Lair rune preference: random
     0 | D:1      | 0 ||| qw: Goals: Normal
     0 | D:1      | 0 ||| PLANNING D:1-11
    90 | D:1      | Found Ripsurim's Distillery.
   102 | D:1      | 102 ||| SHOPLISTING potion of curing (33 gold, have 11).
   102 | D:1      | 102 ||| SHOPLISTING potion of haste (110 gold, have 11).
   102 | D:1      | 102 ||| SHOPLISTING potion of heal wounds (55 gold, have
                  | 11).
   102 | D:1      | 102 ||| SHOPLISTING potion of mutation (88 gold, have 11).
   121 | D:1      | Reached skill level 6 in Ranged Weapons
   121 | D:1      | Reached XP level 2. HP: 16/16 MP: 4/4
   499 | D:1      | 499 ||| UPGRADING to +0 ring mail.
   509 | D:1      | 509 ||| DROPPING +0 leather armour.
   510 | D:1      | 510 ||| READING scroll labelled RUEGEUSTEB.
   510 | D:1      | 510 ||| ENCHANTING +0 shortbow.
   511 | D:1      | 511 ||| READING scroll labelled NIKHOPP XOKH.
   512 | D:1      | 512 ||| DROPPING scroll of butterflies.
   551 | D:2      | Noticed Sigmund
   552 | D:2      | 552 ||| DRINKING silvery potion.
   553 | D:2      | 553 ||| DRINKING fuming white potion.
   554 | D:2      | 554 ||| DRINKING blue potion.
   555 | D:2      | HP: 4/16 [something/puff of flame (12)]
   557 | D:2      | Mangled by Sigmund

Levels and vault maps discovered:
D:1:      saegor_arrival_simple_d, layout_basic, serial_shops, shop
D:2:      kennysheep_big_flooded_room, layout_loops_ring,
          shapermc_ecumenical_altar_petra, minmay_ruptured, uniq_sigmund

Skill      XL: |  1 |
---------------+----+-----
Ranged Weapons | 6 |  6.6
Fighting       | |  1.5
Dodging        | |  2.4
Stealth        | |  1.2

Action                     || total
---------------------------++-------
   Fire: Shortbow          ||    57
    Use: Potion            ||     3
         Scroll            ||     2
 Armour: Leather armour    ||     1
         Ring mail         ||     2
  Dodge: Dodged            ||     4

Table legend:
 A = Non-vault XP
 B = Vault XP
 C = Vault XP percentage of total XP
 D = Non-vault monster count
 E = Vault monster count
 F = Vault count percentage of total count
                 A         B        C        D         E       F
            +---------+---------+-------+---------+---------+-------
      Total |      40 |       0 |   0.0 |      22 |       0 |   0.0
            +---------+---------+-------+---------+---------+-------
        D:1 |      38 |       0 |   0.0 |      21 |       0 |   0.0
        D:2 |       2 |       0 |   0.0 |       1 |       0 |   0.0
            +---------+---------+-------+---------+---------+-------
